[Event "Late-Titled-Tuesday-Blitz-February-20-2024"]
[Site "Chess.com"]
[Date "2024.02.20"]
[Round "6"]
[White "prime-morty"]
[Black "STAYFlow"]
[Result "1-0"]
[WhiteElo "2555"]
[BlackElo "2377"]
[TimeControl "180+1"]
[EndTime "15:05:30 PST"]
[Termination "prime-morty won on time"]

1. c4 Nf6 2. Nc3 c6 3. e4 e5 4.
Nf3 Qc7 5. d4 d6 6. Be2 Be7 7.
O-O O-O 8. h3 Re8 9. Be3 Bf8 10.
Rc1 Nbd7 11. b4 b6 12. b5 c5 13. dxe5 Nxe5 14. Nd2 Bb7 15. f4 Ng6 16. Bd3 d5 17. cxd5 Nxd5 18. Nxd5 Bxd5 19. a4 Rad8 20. Qc2 Ba8 21.
Rce1 Qd7 22. Bc4 Kh8 23. e5 f6 24. e6 Qb7 25. Nf3 Ne7 26. Bc1 Nd5 27. Qf5 Be7 28. Rd1 Nc7 29. Rd7 Rxd7 30. exd7 Rd8 31. Re1 Bf8 32. Bd3 g6 33. Qxf6+ Bg7 34. Qxd8+ 1-0

[Event "Late-Titled-Tuesday-Blitz-February-20-2024"]
[Site "Chess.com"]
[Date "2024.02.20"]
[Round "6"]
[White "Fandorine"]
[Black "DeArron_Fox"]
[Result "1-0"]
[WhiteElo "2917"]
[BlackElo "2511"]
[TimeControl "180+1"]
[EndTime "15:05:32 PST"]
[Termination "Fandorine won by resignation"]

1. d4 d5 2. c4 e6 3. Nf3 Nf6 4.
Qc2 Be7 5. Bg5 O-O 6. Nc3 h6 7. Bxf6 Bxf6 8. e3 a6 9. cxd5 exd5 10. Be2 c6 11. O-O g6 12. b4 Bf5 13. Bd3 Bxd3 14. Qxd3 Nd7 15. a4 Nb6 16. a5 Nc4 17. Na4 Qe7 18.
Nc5 Nd6 19. Rab1 Bg7 20. Nd2 Rae8 21. Rfe1 f5 22. f4 g5 23. g3 Ne4 24. Ndxe4 fxe4 25. Qe2 Qf7 26. Kh1 h5 27. Rf1 Re7 28. fxg5 Qg6 29. Rxf8+ Bxf8 30. h4 Rf7 31. Rf1 Bxc5 32. bxc5 Rf5 33.
Kg2 Qf7 34. Rxf5 Qxf5 35. Qxh5 Qf8 36. Qg6+ 1-0

[Event "Late-Titled-Tuesday-Blitz-February-20-2024"]
[Site "Chess.com"]
[Date "2024.02.20"]
[Round "6"]
[White "Atousa"]
[Black "Josetricks"]
[Result "0-1"]
[WhiteElo "2454"]
[BlackElo "2408"]
[TimeControl "180+1"]
[EndTime "15:05:33 PST"]
[Termination "Josetricks won by resignation"]

1. e4 g6 2. d4 Bg7 3. Nf3 c6 4. Nc3 d5 5. e5 f6 6. exf6 Nxf6 7. Bd3 Bg4 8. O-O O-O 9. Be2 Nbd7 10. Bg5 Qc7 11.
h3 Bxf3 12. Bxf3 e5 13. dxe5 Nxe5 14. Bf4 Nxf3+ 15. Qxf3 Qb6 16. Na4 Qd4 17. Bd6 Qxa4 18. Bxf8 Rxf8 19. b3 Qe4 20. Qxe4 Nxe4 21. Rad1 Rd8 22. a4 c5 23. Rfe1 Bd4 24. Rf1 Nxf2 25. Rxf2 Rf8 26. Rxd4 cxd4 27. Re2 Rc8 28. Kf1 Kf7 29.
Rf2+ Ke7 30. Ke1 d3 31. cxd3 Rc3 32. Re2+ Kd6 33. Rf2 Rxd3 34. Rf7 Rxb3 35. Rxh7 Ke5 36. h4 Kf4 37. Rh6 Ke3 38. Kd1 Rb1+ 39. Kc2 Rb6 40. g4 d4 41. h5 d3+ 42. Kc3 Rc6+ 43. Kb4 d2 44. hxg6 d1=Q 0-1

[Event "Late-Titled-Tuesday-Blitz-February-20-2024"]
[Site "Chess.com"]
[Date "2024.02.20"]
[Round "6"]
[White "MAGMAchess02"]
[Black "HajiyevKanan"]
[Result "0-1"]
[WhiteElo "2246"]
[BlackElo "2494"]
[TimeControl "180+1"]
[EndTime "15:05:33 PST"]
[Termination "HajiyevKanan won by checkmate"]

1. e4 c6 2. d4 d5 3. exd5 cxd5 4. Nf3 Nc6 5. Bb5 Bg4 6. h3 Bxf3 7. Qxf3 e6 8. c3 Nf6 9. O-O Bd6 10. Bg5 h6 11. Bh4 a6 12. Bd3 Be7 13. Nd2 Nd7 14.
Bxe7 Qxe7 15. Qg3 O-O 16. f4 f5 17. Rae1 Qf7 18. Nf3 Nf6 19. Ne5 Nxe5 20. Rxe5 b5 21. Qe3 Rfe8 22. Re1 Ne4 23. Bxe4 fxe4 24. g4 Rf8 25.
Rf1 Rae8 26. b3 Qc7 27. Kg2 Qc6 28. Rc1 Rc8 29. Kg3 Rf7 30. c4 bxc4 31. bxc4 Qa4 32.
cxd5 Rxc1 33. Qxc1 exd5 34. Qc8+ Kh7 35. Re8 Qa3+ 36. Kh4 g5+ 37. fxg5 hxg5+ 38. Kxg5 Qe3+ 39. Kh4 Qf2+ 40. Kh5 Qxd4 41. Qe6 Qg7 42. Rd8 Rf6 43. Qd7 Rh6# 0-1

[Event "Late-Titled-Tuesday-Blitz-February-20-2024"]
[Site "Chess.com"]
[Date "2024.02.20"]
[Round "6"]
[White "jsdbv18"]
[Black "tptagain"]
[Result "0-1"]
[WhiteElo "2622"]
[BlackElo "2940"]
[TimeControl "180+1"]
[EndTime "15:05:34 PST"]
[Termination "tptagain won on time"]

1. d4 d6 2. e4 g6 3. c4 Bg7 4. Nc3 Nc6 5. Nge2 e5 6. Be3 f5 7.
dxe5 Nxe5 8. Nd4 Ne7 9. Be2 O-O 10. Qd2 Ng4 11. Bxg4 fxg4 12. O-O-O Nc6 13. Nxc6 bxc6 14. Bd4 Bxd4 15. Qxd4 Be6 16. Rd2 Qg5 17. Re1 c5 18. Qd3 Rxf2 19. e5 Rxd2 20. Qxd2 Qxd2+ 21. Kxd2 Bxc4 22. exd6 cxd6 23. b3 Bf7 24. Re7 d5 25. Na4 c4 26.
bxc4 dxc4 27. Nc5 Rd8+ 28. Kc3 a5 29. Ne4 Rd3+ 30. Kc2 h5 31. Ng5 Bd5 32. g3 Ra3 33. Kb2 Rd3 34. Nh7 Rf3 35. a4 c3+ 36. Kc2 Bc6 37. Ng5 Bxa4+ 0-1

[Event "Late-Titled-Tuesday-Blitz-February-20-2024"]
[Site "Chess.com"]
[Date "2024.02.20"]
[Round "6"]
[White "rickywsb"]
[Black "Vasily85"]
[Result "1-0"]
[WhiteElo "2348"]
[BlackElo "2453"]
[TimeControl "180+1"]
[EndTime "15:05:34 PST"]
[Termination "rickywsb won on time"]

1. d4 d5 2. Bf4 Nf6 3. e3 c5 4. Nf3 e6 5. Nbd2 Bd6 6. Ne5 O-O 7. c3 b6 8. Bd3 Bb7 9. Qf3 Nc6 10. h4 Qc7 11.
Nxc6 Bxf4 12. Qxf4 Qxc6 13. h5 h6 14. g4 Ne4 15.
Nf3 cxd4 16. exd4 Qd6 17. Qe3 Qe7 18. Rg1 Ng5 19. Ne5 a5 20. f4 Ne4 21. g5 hxg5 22. fxg5 Qc7 23. h6 g6 24. Qf4 Qe7 25. Ng4 Ba6 26.
Bxe4 dxe4 27. Nf6+ Kh8 28. Qe5 Rad8 29. Nd5+ f6 30.
Nxf6 Qd6 31. Qxe4 1-0

[Event "Late-Titled-Tuesday-Blitz-February-20-2024"]
[Site "Chess.com"]
[Date "2024.02.20"]
[Round "6"]
[White "Mops_2004"]
[Black "mishanick"]
[Result "1-0"]
[WhiteElo "2790"]
[BlackElo "2990"]
[TimeControl "180+1"]
[EndTime "15:05:35 PST"]
[Termination "Mops_2004 won by resignation"]

1. g3 d5 2. Nf3 g6 3. Bg2 Bg7 4. O-O e5 5. d3 Nc6 6. Nc3 Nge7 7. e4 d4 8. Ne2 O-O 9. c3 dxc3 10. bxc3 b6 11. Qc2 Ba6 12. Rd1 Qc8 13. d4 exd4 14.
cxd4 Nb4 15. Qd2 c5 16. Bb2 Nd3 17. Bc3 Qg4 18. d5 Qxe4 19. Bxg7 Kxg7 20. Ne1 Qf5 21. Nxd3 Nxd5 22. Nxc5 Bxe2 23. Qxe2 Nc3 24. Qb2 Qxc5 25. Bxa8 b5 26. a3 Rc8 27. Rd3 a5 28. Bf3 b4 29. axb4 axb4 30. Kg2 Qf5 31. Rd4 Qf6 32. Rxb4 Rd8 33. Rf4 Qe5 34. Re4 Qf6 35. Re3 1-0

[Event "Late-Titled-Tuesday-Blitz-February-20-2024"]
[Site "Chess.com"]
[Date "2024.02.20"]
[Round "6"]
[White "aghasiyevkamal"]
[Black "Charodej1"]
[Result "1-0"]
[WhiteElo "2624"]
[BlackElo "2224"]
[TimeControl "180+1"]
[EndTime "15:05:38 PST"]
[Termination "aghasiyevkamal won by resignation"]

1. d4 Nf6 2. c4 e6 3. Nf3 c5 4.
d5 d6 5. Nc3 exd5 6. cxd5 g6 7.
h3 Bg7 8. e4 O-O 9. Bd3 a6 10.
a4 Nfd7 11. O-O b6 12. Bf4 Qe7 13. Qd2 Bb7 14. Rfe1 Ne5 15. Nxe5 Bxe5 16. Bxe5 Qxe5 17. Nd1 Qd4 18. Qc3 Nd7 19. Qb3 Ne5 20. Bf1 c4 21. Qc3 Qc5 22. b4 cxb3 23. Qxb3 f5 24. Ne3 fxe4 25. Rac1 Qa5 26. Red1 Rac8 27. Rb1 b5 28. axb5 axb5 29. Qxb5 Qxb5 30. Rxb5 Ba6 31. Rb4 Bxf1 32. Rxf1 Rc5 33. Rxe4 Rfc8 34. f4 Nf7 35. Ng4 Kg7 36.
f5 gxf5 37. Rxf5 Rc1+ 38. Kh2 R8c4 39. Re7 1-0

[Event "Late-Titled-Tuesday-Blitz-February-20-2024"]
[Site "Chess.com"]
[Date "2024.02.20"]
[Round "6"]
[White "GMBenjaminBok"]
[Black "Abund"]
[Result "1-0"]
[WhiteElo "3007"]
[BlackElo "2788"]
[TimeControl "180+1"]
[EndTime "15:05:42 PST"]
[Termination "GMBenjaminBok won by resignation"]

1. c4 e6 2. g3 d5 3. Bg2 Nf6 4. Nf3 d4 5. O-O Nc6 6. d3 Bc5 7. Nbd2 a5 8. Nb3 Qd6 9. Nxc5 Qxc5 10.
e3 O-O 11. exd4 Nxd4 12. Nxd4 Qxd4 13. Be3 Qxb2 14. d4 Bd7 15. Qd3 Qb4 16. Rfb1 Qa4 17. Rxb7 Rfc8 18. Qb3 Ne8 19. c5 Ra6 20. Qxa4 Bxa4 21.
Rab1 Kf8 22. Rb8 Rxb8 23. Rxb8 Ke7 24. Bb7 Ra7 25. c6 Bb5 26. d5 Ra6 27. Bxa6 Bxa6 28. Bc5+ Nd6 29. Rb7 Kd8 30. Bxd6 cxd6 31. dxe6 fxe6 32.
Rxg7 d5 33. f4 Bb5 34. c7+ Kc8 35. Rxh7 a4 36. a3 Bd7 37. h4 Kxc7 38. h5 Kd6 39. h6 e5 40. fxe5+ Kc6 41. Rxd7 Kxd7 42. h7 d4 43. h8=Q 1-0

[Event "Late-Titled-Tuesday-Blitz-February-20-2024"]
[Site "Chess.com"]
[Date "2024.02.20"]
[Round "6"]
[White "Sanan_Sjugirov"]
[Black "bipe137"]
[Result "1-0"]
[WhiteElo "2872"]
[BlackElo "2544"]
[TimeControl "180+1"]
[EndTime "15:05:44 PST"]
[Termination "Sanan_Sjugirov won on time"]

1. d4 d5 2. c4 e6 3. Nc3 a6 4. cxd5 exd5 5. Nf3 Nf6 6. Bg5 Be6 7. e3 Nbd7 8. Bd3 Bd6 9. O-O c6 10. Bf4 Qb8 11.
Bxd6 Qxd6 12. h3 O-O 13. Qc2 Rfe8 14. Rab1 g6 15. b4 Nh5 16. Na4 Ng7 17. Nc5 Rab8 18. a4 Bf5 19. Bxf5 Nxf5 20. Rfc1 Nb6 21. Nd2 Re7 22.
b5 cxb5 23. axb5 a5 24. Nd3 Qf6 25. Qa2 a4 26. Nf3 Nd6 27. Nf4 Kg7 28. Nxd5 Qe6 29. Nb4 Qxa2 30. Nxa2 Nd5 31. b6 Ree8 32. Rc5 Ne7 33. Nc3 Ra8 34. Ne5 a3 35. Ra1 Nec8 36. Nd5 Ne4 37. Rc7 Ned6 38. Rc3 Ra5 39. Nc7 Re7 40.
Rb3 a2 41. Rb2 f6 42. Nd3 Nc4 43. Rbxa2 Rxa2 44. Rxa2 N8xb6 45. Nb5 g5 46. Nc5 Nd5 47. Rc2 Ncb6 48. Nd6 Nb4 49. Rb2 N6d5 50. Nf5+ 1-0

[Event "Late-Titled-Tuesday-Blitz-February-20-2024"]
[Site "Chess.com"]
[Date "2024.02.20"]
[Round "6"]
[White "MaestroCheck"]
[Black "IraZyne"]
[Result "1-0"]
[WhiteElo "2549"]
[BlackElo "2354"]
[TimeControl "180+1"]
[EndTime "15:05:45 PST"]
[Termination "MaestroCheck won by checkmate"]

1. e4 Nf6 2. e5 Nd5 3. Nf3 d6 4. exd6 exd6 5. d4 Be7 6. Bd3 O-O 7. h3 Nc6 8. O-O Nf6 9. c3 d5 10. Re1 h6 11. Ne5 Bd7 12. Nd2 Bd6 13. Ndf3 Re8 14. Bf4 Ne7 15. Nxd7 Qxd7 16. Ne5 Bxe5 17. Bxe5 Nh7 18.
Qf3 Nf8 19. Qg3 Neg6 20. Bxc7 Ne6 21. Be5 Ngf8 22. Bf5 Qc6 23. Re3 g6 24. Rae1 Ng7 25. Bd3 Re6 26. Qf4 Rae8 27. Qxh6 f6 28. Bf4 Rxe3 29.
Bxe3 f5 30. Qh4 Kf7 31. Ra1 Qb6 32. Rb1 Qa5 33. a3 Nfe6 34. Qg3 Qb6 35. Qf3 Kg8 36. Qxd5 Kh7 37. Qf3 Qc7 38. d5 Nc5 39. Bb5 Re7 40.
Bg5 Re4 41. Bd3 Nxd3 42. Qxd3 Qd6 43. Be3 b6 44. c4 Nh5 45. b4 Re8 46. c5 bxc5 47.
bxc5 Qe5 48. Rb7+ Kg8 49. d6 f4 50. Qc4+ Kf8 51. Qf7# 1-0

[Event "Late-Titled-Tuesday-Blitz-February-20-2024"]
[Site "Chess.com"]
[Date "2024.02.20"]
[Round "6"]
[White "cukricek"]
[Black "GolfBeforeChess"]
[Result "1-0"]
[WhiteElo "2461"]
[BlackElo "2291"]
[TimeControl "180+1"]
[EndTime "15:05:45 PST"]
[Termination "cukricek won by resignation"]

1. g3 d5 2. Nf3 c6 3. Bg2 Bf5 4.
O-O h6 5. d3 e6 6. Nc3 Nf6 7. Nd2 Be7 8. e4 dxe4 9. dxe4 Bh7 10. f4 O-O 11. Qe2 Nbd7 12. g4 a5 13. g5 hxg5 14. fxg5 Ne8 15. Nf3 Nc5 16. Kh1 Qc7 17. Nd4 Qe5 18. Nf3 Qc7 19. Nh4 Rd8 20. Bf4 e5 21.
Be3 Ne6 22. Qh5 Nf4 23. Bxf4 exf4 24. Nf5 Bg6 25. Qg4 Qe5 26. h4 Nd6 27. Nxe7+ Qxe7 28. h5 Bxe4 29. Rae1 Bxg2+ 30. Kxg2 Qd7 31. Qxf4 Rfe8 32. h6 g6 33. Qf6 Nf5 34. h7+ 1-0

[Event "Late-Titled-Tuesday-Blitz-February-20-2024"]
[Site "Chess.com"]
[Date "2024.02.20"]
[Round "6"]
[White "dosto07"]
[Black "Walter_White_Poland"]
[Result "0-1"]
[WhiteElo "2484"]
[BlackElo "2371"]
[TimeControl "180+1"]
[EndTime "15:05:46 PST"]
[Termination "Walter_White_Poland won by checkmate"]

1. e4 e5 2. Nf3 Nc6 3. Bb5 a6 4. Bxc6 dxc6 5. O-O Bg4 6. h3 h5 7. d3 Qf6 8. Be3 Bxf3 9. Qxf3 Qxf3 10. gxf3 Bd6 11.
Nd2 f5 12. Nc4 Ne7 13. Rfe1 f4 14. Bd2 g5 15. Bc3 Ng6 16. d4 Nh4 17. dxe5 Nxf3+ 18. Kh1 Bc5 19. Re2 g4 20. b4 Bd4 21. Bxd4 Nxd4 22.
Rd2 Nf3 23. Re2 b5 24. Na5 Nxe5 25. Rd1 Rd8 26. Red2 Rxd2 27. Rxd2 Rg8 28. Kg2 gxh3+ 29. Kxh3 Rg4 30. Nb7 Nf3 31. Rd8+ Ke7 32. Rh8 Ng5+ 33. Kh2 h4 34. Nc5 h3 35. Nd3 Rg2+ 36. Kh1 Nf3 37. Rxh3 Rg1# 0-1

[Event "Late-Titled-Tuesday-Blitz-February-20-2024"]
[Site "Chess.com"]
[Date "2024.02.20"]
[Round "6"]
[White "thesupera12"]
[Black "Fore_Man"]
[Result "1-0"]
[WhiteElo "2487"]
[BlackElo "2347"]
[TimeControl "180+1"]
[EndTime "15:05:49 PST"]
[Termination "thesupera12 won by resignation"]

1. d4 Nf6 2. Bg5 e6 3. Nf3 d5 4. c4 c5 5. cxd5 Qxd5 6. Nc3 Qd8 7. dxc5 Qxd1+ 8. Rxd1 Bxc5 9. e4 O-O 10. Bb5 a6 11.
Bd3 b5 12. e5 Nd5 13. Nxd5 exd5 14. O-O Bb7 15. Bf5 h6 16. Bf4 Bb6 17. e6 fxe6 18. Bxe6+ Kh8 19. Bxb8 Raxb8 20. Bxd5 Bxd5 21. Rxd5 Rbc8 22. Rd6 Rb8 23. Ne5 Bc7 24. Ng6+ Kg8 25. Rd7 Rf7 26.
Ne7+ Kf8 27. Rxc7 Rxe7 28. Rxe7 Kxe7 29. f3 Rc8 30. Re1+ Kf7 31. Kf2 Rc2+ 32. Re2 Rc4 33.
Rd2 Ke6 34. Ke3 g5 35. Kd3 Kd5 36. Rc2 Rd4+ 37. Ke3 Ra4 38. b3 Rf4 39. g3 Rf6 40. Rd2+ Ke5 41. Rd8 Rc6 42. Kd3 Rc1 43. Ra8 Rc6 44.
Re8+ Kf5 45. Rd8 Ke5 46. Rd4 Rc1 47. Re4+ Kd5 48. h4 Ra1 49. hxg5 hxg5 50. Rg4 Rxa2 51.
Rxg5+ Ke6 52. Ke4 Ra3 53. Rg6+ Kf7 54. Rb6 Ra1 55. Kf5 Ke7 56. g4 Kd7 57. g5 Kc7 58.
Re6 a5 59. g6 Rg1 60. Ra6 Kb7 61. Rxa5 Kb6 62. Ra8 Kc5 63. Kf6 Kb4 64. g7 Kxb3 65. g8=Q+ Rxg8 66. Rxg8 Kc3 67. Rb8 b4 68. f4 b3 69. f5 b2 70. Kg6 b1=N 71. Rxb1 1-0

[Event "Late-Titled-Tuesday-Blitz-February-20-2024"]
[Site "Chess.com"]
[Date "2024.02.20"]
[Round "6"]
[White "FredddieCroderg"]
[Black "KorolDimitriy75"]
[Result "0-1"]
[WhiteElo "2202"]
[BlackElo "2421"]
[TimeControl "180+1"]
[EndTime "15:05:49 PST"]
[Termination "KorolDimitriy75 won by resignation"]

1. e4 c5 2. Bc4 Nc6 3. d3 g6 4. Qf3 Ne5 5. Qg3 Nxc4 6. dxc4 Bg7 7. Nc3 d6 8. Be3 Be6 9. Nd5 Bxd5 10. exd5 Bxb2 11.
Rb1 Qa5+ 12. Bd2 Qxa2 13. Rd1 Qxc4 14. c3 Nf6 15. Ne2 b5 16. Rb1 Ba3 17. h4 h5 18.
Rh3 a5 19. Qh2 b4 20. Re3 Nxd5 21. Rf3 O-O 22. Nf4 bxc3 23. Be3 c2 24. Rc1 Bxc1 25. Bxc1 a4 26. Nxh5 Qe4+ 27. Kf1 gxh5 28. Rg3+ Kh7 29. Rg5 Nf6 30. Qg3 Rg8 31. Kg1 c4 32. Kh2 Qe1 33. Qf4 Qe4 34. Rxg8 Qxf4+ 0-1

[Event "Late-Titled-Tuesday-Blitz-February-20-2024"]
[Site "Chess.com"]
[Date "2024.02.20"]
[Round "6"]
[White "igorknyazev"]
[Black "Cambek64"]
[Result "0-1"]
[WhiteElo "2201"]
[BlackElo "2432"]
[TimeControl "180+1"]
[EndTime "15:05:49 PST"]
[Termination "Cambek64 won by resignation"]

1. e4 c5 2. f4 e6 3. Nf3 a6 4. Be2 b5 5. O-O Bb7 6. d3 d5 7. e5 Ne7 8. Be3 Nf5 9. Bf2 h5 10. c4 d4 11. cxb5 axb5 12. Qb3 Qa5 13. a4 Bd5 14.
Qc2 bxa4 15. Nbd2 Nc6 16. Nc4 Qb5 17. Nh4 g6 18. Bf3 Nb4 19. Qd2 Be7 20. Nxf5 gxf5 21. Bh4 Bf8 22. Bxd5 Nxd5 23. Ra3 Kd7 24. Rfa1 Rg8 25.
Bg5 Be7 26. Bxe7 Kxe7 27. Kf2 h4 28. Kf3 Qc6 29. Kf2 Nxf4 30. Qxf4 Qxg2+ 31. Ke1 Qh1+ 32. Qf1 Rg1 33. Kf2 Qxh2+ 34. Ke1 Rxf1+ 35. Kxf1 Rg8 0-1

[Event "Late-Titled-Tuesday-Blitz-February-20-2024"]
[Site "Chess.com"]
[Date "2024.02.20"]
[Round "6"]
[White "AlexeiShirov"]
[Black "picturesquecheck"]
[Result "1-0"]
[WhiteElo "2843"]
[BlackElo "2482"]
[TimeControl "180+1"]
[EndTime "15:05:51 PST"]
[Termination "AlexeiShirov won on time"]

1. e4 c5 2. Nf3 d6 3. d4 cxd4 4. Nxd4 Nf6 5. Nc3 Nc6 6. Bg5 e6 7. Qd2 a6 8. O-O-O h6 9. Be3 Bd7 10.
f3 Be7 11. h4 Rc8 12. Kb1 Ne5 13. Bd3 b5 14. g4 h5 15. g5 Ng8 16. f4 Nc4 17.
Bxc4 Rxc4 18. f5 Qa8 19. Rhf1 b4 20. fxe6 fxe6 21. Qf2 Nf6 22. gxf6 Bxf6 23. Nce2 Qxe4 24. Ng3 Qxh4 25. Qg2 Qg4 26. Qe2 Bxd4 27. Qxc4 Bxe3 28. Qd3 Bc5 29. Ne4 Rf8 30. Nxd6+ 1-0

[Event "Late-Titled-Tuesday-Blitz-February-20-2024"]
[Site "Chess.com"]
[Date "2024.02.20"]
[Round "6"]
[White "micke12a"]
[Black "kylelancman"]
[Result "1-0"]
[WhiteElo "2360"]
[BlackElo "2464"]
[TimeControl "180+1"]
[EndTime "15:05:52 PST"]
[Termination "micke12a won by resignation"]

1. d4 d5 2. Nc3 Nf6 3. Bf4 c5 4. e4 Nxe4 5. Nxe4 dxe4 6. dxc5 Qa5+ 7. c3 Qxc5 8. Qa4+ Nc6 9. Qxe4 Bf5 10. Qe3 Qxe3+ 11. Bxe3 O-O-O 12. Nf3 f6 13. Bb5 Kb8 14. Bxc6 bxc6 15. Nd4 Bd7 16. O-O-O Kc8 17. Nb3 e5 18. Bxa7 Be7 19. Bc5 Bxc5 20. Nxc5 Bf5 21. Rxd8+ Kxd8 22. Rd1+ Kc7 23. b4 Ra8 24. Kb2 e4 25. a4 Re8 26. a5 e3 27. fxe3 Rxe3 28. a6 Re2+ 29. Ka3 Kb6 30. Rd8 Bb1 31. Rb8+ Ka7 32. Rb7+ Ka8 33.
Rxg7 Ra2+ 34. Kb3 Re2 35. c4 Re3+ 36. Ka4 Ba2 37. Ka5 Bxc4 38. Kb6 Re8 39. Ra7+ Kb8 40. Nd7+ Kc8 41. Ra8+ Kxd7 42. Rxe8 Bxa6 43. Rf8 Bc4 44. Rxf6 Bd5 45. Rh6 Bxg2 46. Rxh7+ Kd6 47. h4 Ke6 48. h5 Kf6 49. Rh6+ Kg5 50. Rxc6 Kxh5 51. b5 Kg5 52. Kc7 Kf5 53. b6 Ke5 54. b7 Bxc6 55. Kxc6 1-0

[Event "Late-Titled-Tuesday-Blitz-February-20-2024"]
[Site "Chess.com"]
[Date "2024.02.20"]
[Round "6"]
[White "Shtembuliak"]
[Black "Hikaru"]
[Result "0-1"]
[WhiteElo "2860"]
[BlackElo "3237"]
[TimeControl "180+1"]
[EndTime "15:05:54 PST"]
[Termination "Hikaru won on time"]

1. c4 g6 2. Nc3 Bg7 3. g3 d6 4. Bg2 Nc6 5. Nf3 Bd7 6. d4 Nf6 7. d5 Na5 8. Nd2 c5 9. Qc2 a6 10. b3 b5 11. Rb1 Rb8 12. h3 Qc8 13. e4 O-O 14. Ne2 e6 15. Bb2 bxc4 16. bxc4 exd5 17.
cxd5 Bb5 18. Bc3 Qc7 19. a4 Bxe2 20. Kxe2 Nd7 21. Rhc1 Bxc3 22. Qxc3 Rxb1 23. Rxb1 c4 24. Rb4 Rb8 25. Rxb8+ Nxb8 26. Bf1 Nd7 27. Kf3 Qc5 28. Kg2 Nb6 29. Nf3 Nb7 30. Be2 Nxa4 31. Qxc4 Qxc4 32.
Bxc4 Nbc5 33. e5 Nb6 34. Ba2 a5 35. exd6 Nc8 36. Ne5 Nxd6 37. Nc6 a4 38. Kf3 a3 39. Ke3 Nce4 40. Nb4 Kf8 41. Bb3 h5 42. Nc2 Nc5 43. Ba2 Nb5 0-1

[Event "Late-Titled-Tuesday-Blitz-February-20-2024"]
[Site "Chess.com"]
[Date "2024.02.20"]
[Round "6"]
[White "Korchmar_Vasiliy"]
[Black "VincentKeymer"]
[Result "0-1"]
[WhiteElo "2759"]
[BlackElo "3044"]
[TimeControl "180+1"]
[EndTime "15:05:54 PST"]
[Termination "VincentKeymer won on time"]

1. e4 c6 2. d4 d5 3. exd5 cxd5 4. Bd3 Nf6 5. h3 Nc6 6. c3 e5 7. dxe5 Nxe5 8. Qe2 Qe7 9. Bc2 b6 10. Na3 Ba6 11. Nb5 O-O-O 12. a4 Kb7 13. Be3 Nc4 14. Nf3 Re8 15. Bd3 Nxe3 16. Nd6+ Qxd6 17. Bxa6+ Kb8 18. fxe3 Qg3+ 19. Kf1 Bc5 20. Nd4 Rxe3 21. Qf2 Qxf2+ 22. Kxf2 Rhe8 23. Rhd1 R3e4 24. Rd3 Nd7 25. Bb5 Ne5 26. Rg3 Rg8 27. Re1 Kb7 28. b4 Bxd4+ 29. cxd4 Nc6 30. Bxc6+ Kxc6 31. Rc3+ Kd6 32. Rec1 Rxd4 33. Rc6+ Ke5 34.
b5 Rxa4 35. Rc7 Rc4 36. Re1+ Re4 37. Rxf7 Rxe1 38. Kxe1 Kd4 39. Rxa7 Kc4 40. Rd7 h5 41. h4 g5 0-1

[Event "Late-Titled-Tuesday-Blitz-February-20-2024"]
[Site "Chess.com"]
[Date "2024.02.20"]
[Round "6"]
[White "jk13"]
[Black "VinzentSpitzl"]
[Result "1-0"]
[WhiteElo "2712"]
[BlackElo "2542"]
[TimeControl "180+1"]
[EndTime "15:05:56 PST"]
[Termination "jk13 won on time"]

1. e4 c5 2. c3 d5 3. exd5 Qxd5 4. d4 Nf6 5. Nf3 Bg4 6. Nbd2 cxd4 7. Bc4 Qd6 8. Qb3 dxc3 9. Bxf7+ Kd8 10. bxc3 e6 11. O-O Qc7 12. Bxe6 Bd6 13. h3 Bxe6 14. Qxe6 Re8 15. Qb3 Nc6 16. Nc4 Kc8 17. Nxd6+ Qxd6 18. Rb1 b6 19. Ba3 Qe6 20. Qa4 Kb7 21. c4 Ne4 22.
Rfc1 Nxf2 23. Kxf2 Qe3+ 24. Kg3 Ne5 25. Rb3 Qe4 26. Kh2 Qf4+ 27. Kh1 Nc6 28. Qb5 Re2 29.
Rg1 Rae8 30. c5 1-0

[Event "Late-Titled-Tuesday-Blitz-February-20-2024"]
[Site "Chess.com"]
[Date "2024.02.20"]
[Round "6"]
[White "bilosuvenosu06"]
[Black "elchacal664"]
[Result "0-1"]
[WhiteElo "2488"]
[BlackElo "2378"]
[TimeControl "180+1"]
[EndTime "15:05:57 PST"]
[Termination "elchacal664 won on time"]

1. e4 c5 2. Nf3 d6 3. Bc4 Nf6 4.
d3 g6 5. O-O Bg7 6. c3 O-O 7.
Re1 a6 8. a4 Nc6 9. Nbd2 Rb8 10. Nf1 b5 11. Bb3 b4 12. Bc2 e5 13. Ne3 h6 14. h3 Be6 15. Bd2 Nd7 16. Nc4 Nb6 17. Nxb6 Rxb6 18. Be3 b3 19. Bb1 Rb7 20. d4 cxd4 21.
cxd4 Bc4 22. d5 Nb4 23. Nd2 Bd3 24. Nxb3 Bxb1 25. Rxb1 f5 26. Nc1 f4 27. Bd2 f3 28.
g3 g5 29. Re3 Qf6 30. a5 Rb5 31. Rb3 Rfb8 32. Rxf3 Qg6 33. Qe2 Nxd5 34. Qc4 Kh7 0-1

[Event "Late-Titled-Tuesday-Blitz-February-20-2024"]
[Site "Chess.com"]
[Date "2024.02.20"]
[Round "6"]
[White "noblerone"]
[Black "karinachess1"]
[Result "1/2-1/2"]
[WhiteElo "2517"]
[BlackElo "2658"]
[TimeControl "180+1"]
[EndTime "15:05:58 PST"]
[Termination "Game drawn by repetition"]

1. d4 Nf6 2. Nf3 e6 3. Bg5 d5 4. Nbd2 c5 5. e3 Nc6 6. c3 Bd6 7. Bb5 O-O 8. O-O Bd7 9. a4 h6 10. Bh4 Be7 11. h3 Ne4 12. Bxe7 Qxe7 13. Nxe4 dxe4 14.
Nd2 f5 15. f3 cxd4 16. cxd4 exf3 17. Nxf3 Kh7 18. Rc1 a6 19. Bxc6 Bxc6 20. Ne5 Bd5 21. Qh5 Rf6 22. Rf2 b5 23. a5 Ra7 24. Rfc2 g6 25.
Qh4 Rf8 26. Qxe7+ Rxe7 27. Rc7 Re8 28. b4 Kg7 29. Kf2 g5 30. g3 Be4 31. R1c5 Bd5 32. h4 Be4 33. Rc3 Bd5 34. R3c5 Be4 35. Rc3 Bd5 36. R3c5 1/2-1/2

[Event "Late-Titled-Tuesday-Blitz-February-20-2024"]
[Site "Chess.com"]
[Date "2024.02.20"]
[Round "6"]
[White "cmunda"]
[Black "JaackCamel"]
[Result "1/2-1/2"]
[WhiteElo "2134"]
[BlackElo "2192"]
[TimeControl "180+1"]
[EndTime "15:05:59 PST"]
[Termination "Game drawn by repetition"]

1. e4 e6 2. d4 d5 3. Nc3 Bb4 4. e5 Ne7 5. a3 Bxc3+ 6. bxc3 b6 7. Nf3 Ba6 8. Bd3 Bxd3 9. cxd3 c5 10. dxc5 Qc7 11.
Qa4+ Nd7 12. O-O O-O 13. Bg5 Ng6 14. d4 bxc5 15. h4 h6 16. Be3 c4 17. h5 Ne7 18.
Rfb1 Nb6 19. Qa6 Rfb8 20. Rb5 Nbc8 21. Rab1 Rb6 22. Rxb6 Nxb6 23. a4 Rb8 24. Rb5 Nbc8 25. Bc1 Rxb5 26. Qxb5 Qc6 27. Ba3 Qxb5 28. axb5 Kf8 29.
Bc5 Ke8 30. Ne1 Kd7 31. Nc2 Nb6 32. Bxb6 axb6 33. Kh2 Nc8 34. Kg3 Na7 35. Na3 Ke7 36. Kh4 f6 37. f4 fxe5 38. fxe5 Kf7 39. g4 g6 40. g5 hxg5+ 41. Kxg5 gxh5 42. Kxh5 Kg7 43.
Kg5 Nc8 44. Nc2 Na7 45. Na3 Nc8 46. Kh5 Na7 47. Kg5 1/2-1/2

[Event "Late-Titled-Tuesday-Blitz-February-20-2024"]
[Site "Chess.com"]
[Date "2024.02.20"]
[Round "6"]
[White "bocah_sakit"]
[Black "ansko1999"]
[Result "1-0"]
[WhiteElo "2513"]
[BlackElo "2650"]
[TimeControl "180+1"]
[EndTime "15:06:00 PST"]
[Termination "bocah_sakit won by checkmate"]

1. e4 d6 2. d4 Nf6 3. Nc3 c6 4. f4 Qa5 5. Nf3 Nxe4 6. Qd3 Bf5 7.
Qe3 Nxc3 8. bxc3 Nd7 9. Bd2 Qd5 10. Bd3 Bxd3 11. cxd3 b5 12. O-O e6 13. f5 Be7 14.
fxe6 fxe6 15. Rae1 Qxa2 16. c4 Nf8 17. Ng5 O-O-O 18.
Nf7 Nd7 19. Nxh8 Rxh8 20. Rf7 Bf6 21. Qxe6 Rd8 22. Be3 Qa5 23. Bf2 Qc7 24. cxb5 cxb5 25. Kh1 Kb8 26. Bg3 Qc6 27. d5 Qc3 28. Rxd7 Rxd7 29. Qxd7 Be5 30. Qxb5+ Kc7 31. Qc4+ Qxc4 32. dxc4 Bxg3 33. hxg3 Kb6 34. Ra1 Kc5 35. Rxa7 Kxc4 36. Rxg7 Kxd5 37. Rxh7 Ke6 38. g4 d5 39. g5 d4 40. g6 d3 41. Rh3 d2 42. Rd3 d1=N 43. Rxd1 Kf6 44. Rd6+ Kg7 45. Kh2 Kh6 46. Kh3 Kg7 47.
Kg4 Kh6 48. Kf5 Kg7 49. Rd7+ Kh6 50. Rh7# 1-0